 Dungeon Crawl Stone Soup version 0.15.0-27-gbdb0435 (console) character file.

17408 gw the Basher (level 12, -3/116 HPs)
             Began as a Deep Dwarf Berserker on Sept 11, 2014.
             Was an Elder of Trog.
             Slain by a komodo dragon (17 damage)
             ... on Level 1 of the Lair of Beasts on Sept 12, 2014.
             The game lasted 00:12:53 (11847 turns).

gw the Basher (Deep Dwarf Berserker)               Turns: 11847, Time: 00:12:53

HP  -3/116       AC 20     Str 22      XL: 12   Next: 18%
MP   0/0         EV  9     Int  8      God: Trog [****..]
Gold 0           SH  0     Dex 12 (16) Spells:  0 memorised, 11 levels left

rFire  + . .     SeeInvis .     a - +0 great mace (curse)
rCold  . . .     Clarity  .     j - +1 plate armour {rF+}
rNeg   . . .     rCorr    .     (no shield)
rPois  .         rRot     .     (no helmet)
rElec  .         Spirit   .     B - +0 cloak (curse)
SustAb .         Warding  .     f - +1 pair of gloves
rMut   .         Stasis   .     (no boots)
Gourm  .                        (no amulet)
MR     +....                    r - cursed +2 ring of evasion
                                (no ring)

@: non-regenerating, somewhat resistant to hostile enchantments, extremely
unstealthy
A: damage resistance, recharge devices, sense surroundings 2, slow healing 3
a: Device Recharging, Burn Spellbooks, Berserk, Trog's Hand, Brothers in Arms,
Renounce Religion


You were on level 1 of the Lair of Beasts.
You worshipped Trog.
Trog was greatly pleased with you.
You were not hungry.

You visited 2 branches of the dungeon, and saw 12 of its levels.
You also visited: Ossuary.

Inventory:

Hand weapons
 a - a cursed +0 great mace (weapon)
Missiles
 n - 31 bolts
 w - 9 poisoned bolts
Armour
 f - a +1 pair of gloves (worn)
 j - a +1 plate armour of fire resistance (worn)
 B - a cursed +0 cloak (worn)
Magical devices
 c - a wand of heal wounds (0)
 g - a wand of disintegration (9)
 h - a wand of digging (6)
 m - a wand of enslavement (9)
 s - a wand of fireball (1)
 v - a wand of slowing (18)
 y - a wand of draining (3)
Comestibles
 b - a meat ration
 d - 6 bread rations
 k - 3 slices of pizza
 l - 9 beef jerkies
 o - 9 fruits
 z - 6 royal jellies
Scrolls
 i - 15 scrolls of identify
 x - 2 scrolls of remove curse
Jewellery
 r - a cursed +2 ring of evasion (right hand)
Potions
 p - 5 potions of resistance
 t - a potion of flight
 u - 2 potions of berserk rage
 E - a potion of might
Books
 D - a book of Annihilations {highlevel, unknown}

   This book is beyond your current level of understanding.

   Spells                             Type                      Level
   Poison Arrow                       Conjuration/Poison           6
   Chain Lightning                    Conjuration/Air              8
   Lehudib's Crystal Spear            Conjuration/Earth            8
   Glaciate                           Conjuration/Ice              9
   Fire Storm                         Conjuration/Fire             9
   Trog disapproves of the use of such an item.


   Skills:
 + Level 9.7 Fighting
 * Level 14.1 Maces & Flails
 + Level 11.2 Armour
 - Level 2.1 Dodging


You had 11 spell levels left.
You didn't know any spells.

Dungeon Overview and Level Annotations

Branches:
Dungeon (11/15)            Temple (0/1) D:4             Orc (0/4) D:10
   Lair (1/8) D:10

Altars:
Kikubaaqudgha
Okawaru
Qazlal
Vehumet
Xom
Yredelemnul

Shops:
D:6 (   D:11 *

Portals:
Trove: D:11 (give +4 demon trident)

Annotations:
D:10 exclusion: downstairs


Innate Abilities, Weirdness & Mutations

You are resistant to damage.
You can recharge devices by infusing magical energy.
You passively map the area around you.
You do not heal naturally.


Message History

Unknown command.
Attempting RANGED ATTACK TO (-4,-2); ATTACKING (-1,0)
You swing at nothing.
Attempting RANGED ATTACK TO (-3,-1); ATTACKING (-1,0)
You swing at nothing.
Attempting RANGED ATTACK TO (-2,0); ATTACKING (-1,0)
You swing at nothing.
ATTACKING (-1,0)
You hit the komodo dragon.
The komodo dragon is lightly wounded.
The komodo dragon bites you.
ATTACKING (-1,0)
You hit the komodo dragon.
The komodo dragon is lightly wounded.
The komodo dragon barely misses you.
ATTACKING (-1,0)
You sock the komodo dragon!
The komodo dragon is heavily wounded.
The komodo dragon bites you!!
You die...

*
##.............>............
#....###.######.##.......##**
... ### ##^.(.......# *, ,
.,* ##.........^.,* ** , ...
* ###.......^.... * * ,, ,
....###.#.....^...... ,
,#.P.##.......^.... , ,,
#....#....^...... ,* *,,
**#..lg..^...^...,
#PP.#......... *
#####....^.^. , , #.^^....$ ,
###....^ , #... , ## , *


You could see a komodo dragon.

Table legend:
 A = Turns spent in this place as a percentage of turns spent in the entire game.
 B = Non-inter-level travel turns spent in this place as a percentage of non-inter-level travel turns spent in the entire game.
 C = Inter-level travel turns spent in this place as a percentage of turns spent in this place.
 D = Turns resting spent in this place as a percentage of non-inter-level travel turns spent in this place.
 E = Turns spent auto-exploring this place as a percentage of non-inter-level travel turns spent in this place.
 F = Non-inter-level travel turns spent in this place divided by the number of levels of this place that you've seen.
                   A       B       C       D       E      F
               +-------+-------+-------+-------+-------+----------------------
         Total | 100.0 | 100.0 |   1.1 |   1.0 |   9.3 | 515.7
       Dungeon |  88.7 |  88.8 |   1.0 |   1.0 |   9.9 | 541.0
          Lair |   6.5 |   6.4 |   2.7 |   2.1 |   5.6 | 431.0
       Ossuary |   4.8 |   4.8 |   0.0 |   0.0 |   3.4 | 322.0
               +-------+-------+-------+-------+-------+----------------------

Table legend:
 A = Kills in this place as a percentage of kills in entire the game.
 B = Kills by you in this place as a percentage of kills by you in the entire game.
 C = Kills by friends in this place as a percentage of kills by friends in the entire game.
 D = Other kills in this place as a percentage of other kills in the entire game.
 E = Experience gained in this place as a percentage of experience gained in the entire game.
 F = Experience gained in this place divided by the number of levels of this place that you have seen.
                   A       B       C       D       E      F
               +-------+-------+-------+-------+-------+----------------------
         Total | 100.0 | 100.0 | 100.0 |  -nan | 100.0 | 1913.0
       Dungeon |  85.8 |  86.8 |  65.0 |  -nan |  73.1 | 1651.6
          Lair |   7.3 |   6.0 |  35.0 |  -nan |  26.3 | 6547.0
       Ossuary |   6.9 |   7.2 |   0.0 |  -nan |   0.6 | 154.0
               +-------+-------+-------+-------+-------+----------------------

Vanquished Creatures
  2 hydras
  An unseen horror (D:11)
  An ugly thing (D:9)
  Joseph (D:9)
  2 spiny frogs (Lair:1)
  A troll (D:11)
  A two-headed ogre (D:11)
  Prince Ribbit (D:6)
  10 blink frogs (Lair:1)
  A steam dragon (D:9)
  10 yaks
  5 hippogriffs
  3 hungry ghosts
  A wyvern (D:10)
  Edmund (D:6)
  2 ice beasts
  A porcupine (Lair:1)
  A yellow wasp (D:8)
  2 phantoms
  A necrophage (D:7)
  10 orc warriors
  5 sky beasts
  6 ogres
  11 centaurs
  A boring beetle (D:8)
  Sigmund (D:6)
  2 crocodiles
  8 giant frogs
  A big kobold (D:11)
  Blork the orc (D:7)
  2 insubstantial wisps (D:9)
  2 brain worms
  A scorpion (D:5)
  A yak zombie (D:7)
  8 killer bees
  An electric eel (D:10)
  10 wights
  2 goliath beetles (D:8)
  3 crimson imps
  A giant frog zombie (D:7)
  A centaur zombie (D:8)
  A giant frog skeleton (D:6)
  A quasit (D:11)
  7 hounds
  2 human zombies (Ossuary)
  5 jellies
  7 orc priests
  3 iguanas
  11 orc wizards
  A centaur skeleton (D:4)
  5 worker ants
  An ogre zombie (D:10)
  A big kobold skeleton (D:9)
  5 mummies
  An ogre skeleton (D:11)
  A hound zombie (D:9)
  18 adders
  2 giant mites
  3 shadow imps
  A worm (D:5)
  An adder zombie (D:9)
  5 giant geckos
  56 orcs
  3 ball pythons
  5 giant cockroaches
  A giant mite zombie (D:5)
  9 goblins
  20 hobgoblins
  9 jackals
  17 kobolds
  11 quokkas
  17 bats
  A giant gecko skeleton (D:5)
  3 giant newts
  2 giant spores
  A goblin zombie (D:7)
  A hobgoblin skeleton (D:5)
  7 hobgoblin zombies (Ossuary)
  9 kobold zombies (Ossuary)
  12 orc zombies
  10 rats
  A rat skeleton (D:4)
  8 ballistomycetes
  A fungus (Lair:1)
412 creatures vanquished.

Vanquished Creatures (collateral kills)
  The ghost of gw the Basher, an experienced DDBe of Trog (D:9)
  4 blink frogs (Lair:1)
  6 yaks
  A steam dragon (D:9)
  A water moccasin (Lair:1)
  4 killer bees (D:9)
  A hound (Lair:1)
  An adder (D:9)
  A rat (D:9)
20 creatures vanquished.

Vanquished Creatures (others)
  A two-headed ogre (D:9)
  An ogre (Lair:1)
2 creatures vanquished.

Grand Total: 434 creatures vanquished

Notes
Turn   | Place    | Note
--------------------------------------------------------------
     0 | D:1      | gw, the Deep Dwarf Berserker, began the quest for the Orb.
     0 | D:1      | Reached XP level 1. HP: 20/20 MP: 1/1
   209 | D:1      | Reached XP level 2. HP: 18/27 MP: 2/2
   475 | D:1      | Acquired Trog's second power
   687 | D:2      | Reached XP level 3. HP: 20/34 MP: 3/3
  1272 | D:2      | Reached XP level 4. HP: 14/42 MP: 4/4
  1632 | D:3      | Reached skill level 4 in Maces & Flails
  1935 | D:3      | Reached XP level 5. HP: 35/49 MP: 5/5
  2372 | D:4      | Noticed an ogre
  2378 | D:4      | Killed an ogre
  2378 | D:4      | Reached skill level 5 in Maces & Flails
  2378 | D:4      | Reached XP level 6. HP: 57/57 MP: 6/6
  2605 | D:4      | Found a staircase to the Ecumenical Temple.
  2652 | D:4      | Found a sand-covered staircase.
  2659 | Ossuary  | Entered an ossuary
  3322 | D:4      | Found a basalt altar of Yredelemnul.
  3330 | D:4      | Found a radiant altar of Vehumet.
  3393 | D:5      | Entered Level 5 of the Dungeon
  3604 | D:5      | Reached skill level 6 in Maces & Flails
  3604 | D:5      | Reached XP level 7. HP: 39/66 MP: 7/7
  4013 | D:5      | Reached skill level 5 in Armour
  4208 | D:5      | Acquired Trog's third power
  4208 | D:5      | Reached skill level 5 in Fighting
  4208 | D:5      | Reached skill level 7 in Maces & Flails
  4454 | D:6      | Found Thrank's Antique Weapon Boutique.
  4470 | D:6      | Noticed Sigmund
  4507 | D:6      | Killed Sigmund
  4507 | D:6      | Reached XP level 8. HP: 30/74 MP: 8/8
  4936 | D:6      | Noticed Edmund
  4946 | D:6      | Reached skill level 8 in Maces & Flails
  4962 | D:6      | Killed Edmund
  5120 | D:6      | Noticed Prince Ribbit
  5208 | D:6      | Killed Prince Ribbit
  5623 | D:7      | Noticed Blork the orc
  5627 | D:7      | Killed Blork the orc
  5627 | D:7      | Gained mutation: You passively map the area around you. [level up]
  5627 | D:7      | Reached XP level 9. HP: 55/82 MP: 8/8
  5692 | D:7      | Reached skill level 9 in Maces & Flails
  5765 | D:7      | Found an iron altar of Okawaru.
  5831 | D:7      | HP: 4/84 [orc warrior/mace (2)]
  6366 | D:7      | Reached skill level 10 in Maces & Flails
  6613 | D:7      | Found a shimmering altar of Xom.
  6613 | D:7      | Found a stormy altar of Qazlal.
  7186 | D:8      | Reached XP level 10. HP: 49/94 MP: 6/6
  7549 | D:8      | Received a gift from Trog
  7915 | D:9      | Noticed gw's ghost (experienced DDBe)
  7921 | D:9      | Killed gw's ghost
  7921 | D:9      | Reached skill level 11 in Maces & Flails
  7951 | D:9      | Noticed a white ugly thing
  7958 | D:9      | Killed a white ugly thing
  8739 | D:9      | Noticed Joseph
  8759 | D:9      | Killed Joseph
  8776 | D:9      | Reached skill level 12 in Maces & Flails
  9130 | D:10     | Entered Level 10 of the Dungeon
  9164 | D:10     | Found a staircase to the Lair.
  9233 | D:10     | Reached XP level 11. HP: 48/104 MP: 4/4
  9572 | D:10     | Found a staircase to the Orcish Mines.
 10032 | D:11     | Reached skill level 10 in Armour
 10095 | D:11     | Killed an unseen horror
 10436 | D:11     | Found Bloseirph's Assorted Antiques.
 10597 | D:11     | Reached skill level 13 in Maces & Flails
 10868 | D:11     | Found an ancient bone altar of Kikubaaqudgha.
 10869 | D:11     | Noticed a seven-headed hydra
 10880 | D:11     | Killed a seven-headed hydra
 10915 | D:11     | Found a portal to a secret trove of treasure.
 11143 | Lair:1   | Entered Level 1 of the Lair of Beasts
 11477 | Lair:1   | Reached XP level 12. HP: 39/115 MP: 1/1
 11526 | Lair:1   | Noticed a six-headed hydra
 11559 | Lair:1   | Killed a six-headed hydra
 11567 | Lair:1   | Reached skill level 14 in Maces & Flails
 11847 | Lair:1   | Slain by a komodo dragon

Action                   |  1- 3 |  4- 6 |  7- 9 | 10-12 || total
-------------------------+-------+-------+-------+-------++-------
Melee: Mace              |   132 |    80 |       |       ||   212
       Morningstar       |       |   189 |   577 |    35 ||   801
       Great mace        |       |       |       |   560 ||   560
       Dire flail        |       |       |       |    33 ||    33
Invok: Trog's Hand       |       |     7 |     6 |    15 ||    28
       Berserk           |       |     2 |     3 |    12 ||    17
       Brothers in Arms  |       |       |     1 |    10 ||    11
 Abil: Device Recharging |       |       |     4 |     8 ||    12
Evoke: Wand              |       |    11 |    15 |    47 ||    73
  Use: Potion            |     4 |     1 |     4 |     7 ||    16
       Scroll            |     3 |     9 |     5 |    10 ||    27
  Eat: Chunk             |     1 |     8 |    13 |    31 ||    53
       Bread ration      |       |     1 |       |       ||     1
       Meat ration       |       |       |     1 |     2 ||     3

Vault maps used:
D:1:      dpeg_arrival_simpleton_c
D:2:      kennysheep_six_static_rooms, first_bread
D:4:      amethyst_overflow_temple_binary, minmay_temple_entry_crystal_x,
          enter_ossuary_1
D:5:      kennysheep_decorative_pillar, kennysheep_generic_room_13
D:6:      serial_shops, shop_fountains, uniq_prince_ribbit1, uniq_sigmund,
          uniq_edmund
D:7:      lemuel_crystal_altar, gammafunk_temple_overflow_wave,
          uniq_blork_the_orc
D:8:      glass_columns_b, hangedman_pestilent_swarm
D:9:      minmay_variable_closet, hangedman_misty_isle, uniq_joseph
D:10:     david_orc_4, lair_0_dummy, kennysheep_generic_room_6
D:11:     basic_altar, enter_trove_3, serial_shops,
          nicolae_shop_overgrown_old_shop, abandoned_shop
Lair:1:   minmay_holes, minivault_26
Ossuary:  ossuary_tomb_1
